 Dungeon Crawl Stone Soup version 0.27-a0-1149-g4505690ab0 (webtiles) character file.

Game seed: 396945729766763716

3245 Vomitron the Tainter (level 9, -5/68 HPs)
             Began as a Demonspawn Venom Mage on May 13, 2021.
             Was a Follower of Kikubaaqudgha.
             Slain by a white ugly thing (29 damage)
             ... on level 8 of the Dungeon.
             The game lasted 00:29:04 (10673 turns).

Vomitron the Tainter (Demonspawn Venom Mage)       Turns: 10673, Time: 00:29:05

Health: -5/68      AC: 10    Str: 10    XL:     9   Next: 67%
Magic:  7/17       EV: 10    Int: 19    God:    Kikubaaqudgha [*.....]
Gold:   138        SH:  4    Dex: 13    Spells: 7/19 levels left

rFire    . . .     SeeInvis .   d - +3 whip (pain)
rCold    . . .     Faith    .   (no shield)
rNeg     . . .     Spirit   .   B - +1 ring mail "Voimmipt" {Regen+}
rPois    .         Reflect  .   y - +2 hat
rElec    .         Harm     .   (no cloak)
rCorr    .         Rampage  .   (no gloves)
Will     .....                  n - +0 pair of boots
Stlth    +.........             q - amulet of the acrobat
HPRegen  1.21/turn              t - +4 ring of slaying
MPRegen  0.15/turn              (no ring)

@: no status effects
A: talons 2, sharp scales 1, condensation shield
a: Renounce Religion, Receive Corpses


You were on level 8 of the Dungeon.
You worshipped Kikubaaqudgha.
Kikubaaqudgha was aware of your devotion.
You visited 2 branches of the dungeon, and saw 9 of its levels.
You also visited: Ossuary.

You collected 228 gold pieces.
You spent 90 gold pieces at shops.

Inventory:

Hand Weapons
 c - a +0 short sword
 d - a +3 whip of pain (weapon)
 G - a +2 whip of freezing
Missiles
 g - 7 datura-tipped darts
Armour
 a - a +0 robe
 f - a +1 helmet
 n - a +0 pair of boots (worn)
 y - a +2 hat (worn)
 B - the +1 ring mail "Voimmipt" (worn) {Regen+}
   (You found it on level 7 of the Dungeon)

   It increases your rate of health regeneration.
Jewellery
 q - an amulet of the acrobat (around neck)
 t - a +4 ring of slaying (left hand)
Wands
 o - a wand of paralysis (8)
 p - a wand of charming (6)
 s - a wand of flame (59)
Scrolls
 j - 3 scrolls of enchant armour
 m - 2 scrolls of teleportation
 u - a scroll of magic mapping
 w - a scroll of fog
 z - a scroll of immolation
 A - a scroll of fear
 F - 2 scrolls of noise
Potions
 b - 3 potions of attraction
 e - a potion of cancellation {unknown}
 h - 2 potions of berserk rage
 i - a potion of mutation {unknown}
 k - 3 potions of curing
 l - a potion of heal wounds {unknown}
 r - 2 potions of magic
 v - 2 potions of lignification
 x - a potion of ambrosia
 D - a potion of flight
 E - 4 potions of degeneration


   Skills:
 + Level 5.1 Fighting
 + Level 3.5 Armour
 - Level 1.7 Dodging
 - Level 1.7 Stealth
 + Level 5.9 Spellcasting
 + Level 6.5 Necromancy
 + Level 1.0 Transmutations
 - Level 2.1 Fire Magic
 + Level 8.3 Poison Magic


You had 7 spell levels left.
You knew the following spells:

 Your Spells              Type           Power      Damage    Failure   Level
a - Sting                 Tmut/Pois      92%        1d7       4%          1
b - Poisonous Vapours     Pois/Air       42%        N/A       8%          2
c - Olgreb's Toxic Radia  Pois           37%        N/A       9%          4
d - Foxfire               Conj/Fire      36%        2x1d5     19%         1
e - Sublimation of Blood  Necr           15%        N/A       3%          2
f - Blink                 Tloc           N/A        N/A       38%         2

Your spell library contained the following spells:

 Spells                   Type           Power      Damage    Failure   Level
 Animate Skeleton         Necr           60%        N/A       1%          1
 Pain                     Necr           100%       1d9       1%          1
 Vampiric Draining        Necr           15%        2d8       6%          3
 Spider Form              Tmut/Pois      11%        N/A       12%         3
 Ignite Poison            Fire/Tmut/Pois 20%        N/A       17%         3
 Beastly Appendage        Tmut           18%        N/A       19%         1
 Wereblood                Tmut           9%         N/A       26%         2
 Mephitic Cloud           Conj/Pois/Air  16%        N/A       26%         3
 Corona                   Hex            5%         N/A       28%         1
 Magic Dart               Conj           20%        1d4       28%         1
 Call Imp                 Summ           5%         N/A       38%         2
 Ensorcelled Hibernation  Hex/Ice        10%        N/A       38%         2
 Slow                     Hex            5%         N/A       38%         2
 Conjure Flame            Conj/Fire      9%         6-21      47%         3
 Inner Flame              Hex/Fire       9%         N/A       47%         3
 Confusing Touch          Hex            5%         N/A       63%         3
 Dazzling Flash           Conj/Hex       10%        N/A       63%         3
 Tukima's Dance           Hex            5%         N/A       63%         3
 Sticky Flame             Conj/Fire      9%         2d3       87%         4
 Ice Form                 Ice/Tmut       7%         N/A       91%         4
 Fireball                 Conj/Fire      4%         3d4       99%         5
 Hydra Form               Tmut           4%         N/A       99%         5
 Irradiate                Conj/Tmut      3%         3d14      99%         5
 Blade Hands              Tmut           4%         N/A       100%        6
 Statue Form              Tmut/Erth      4%         N/A       100%        6
 Dragon Form              Tmut           4%         N/A       100%        7


Dungeon Overview and Level Annotations

Branches:
Dungeon (8/15)             Temple (1/1) D:6         Ossuary (visited)
   Lair: D:8-11

Altars:
Ashenzari
Cheibriados
Dithmenos
Elyvilon
Fedhas
Hepliaklqana
Kikubaaqudgha
Makhleb
Nemelex Xobeh
Okawaru
Qazlal
Ru
Sif Muna
Trog
Uskayaw
Xom
Yredelemnul
Zin
The Shining One
Jiyva

Shops:
D:4 [   D:7 !

Annotations:
D:3 2 transporters, killer11drew's ghost, amateur KoHu


Innate Abilities, Weirdness & Mutations

You have razor-sharp toenails.
You are partially covered in razor-sharp scales. (AC +1, Slay +1)
A meltable shield of frost defends you. (SH +4)


Message History

Unknown command.
Casting: Poisonous Vapours (safe; 8% risk of failure)
Confirm with . or Enter, or press ? or * to list all spells.
Aiming: Poisonous Vapours (safe; 8% risk of failure)
Press: ? - help, Dir - move target, f/p - white ugly thing
Aim: a white ugly thing (moderately wounded, very poisoned) Poisonous vapours surround the white ugly thing!
The white ugly thing is engulfed in poison gas.
The white ugly thing looks even sicker.
Unknown command.
Unknown command.
Casting: Poisonous Vapours (safe; 8% risk of failure)
Confirm with . or Enter, or press ? or * to list all spells.
You begin to radiate toxic energy.
The white ugly thing looks as sick as possible!
Unknown command.
Unknown command.
The white ugly thing looks as sick as possible!
Your toxic aura wanes.
Things that are here:
a +0 short sword; a +0 scale mail You see here a bullfrog corpse.
There is a stone staircase leading up, spattered with blood here.
You closely miss the white ugly thing.
The white ugly thing is heavily wounded.
The white ugly thing tentacle-slaps you!
The white ugly thing freezes you!!
The white ugly thing closely misses you.
Unknown command.
Casting: Olgreb's Toxic Radiance (dangerous; 9% risk of failure)
Confirm with . or Enter, or press ? or * to list all spells.
Aiming: Poisonous Vapours (safe; 8% risk of failure)
Press: ? - help, Dir - move target, f/p - white ugly thing
Aim: a white ugly thing (heavily wounded, very poisoned) Poisonous vapours surround the white ugly thing!
The white ugly thing looks as sick as possible!
The white ugly thing tentacle-slaps you!
The white ugly thing freezes you!!
You die...
Kikubaaqudgha rasps: "You have failed me!
Welcome... death!"

########...# ..#
#...##### #.#
#........ #.#
#........
#####.###........
#........).......
#......).........
#)....u..########
#....@...#
#........#
#........#
#........#
#........#
#........#
##########


You could see a white ugly thing (extremely poisoned).

Vanquished Creatures
  Pikel (D:7)
  A wyvern (D:7)
  2 water moccasins
  An orc warrior (D:7)
  2 sky beasts (D:7)
  5 ogres
  A phantom (D:5)
  A centaur (D:5)
  2 lemures (D:7)
  A bullfrog (D:8)
  2 scorpions
  A centaur zombie (D:5)
  3 hounds
  6 orc priests
  4 jellies
  A bullfrog skeleton (D:5)
  Jessica (D:3)
  A centaur skeleton (D:7)
  Natasha (thrice) (D:3)
  A scorpion zombie (D:5)
  4 iguanas
  6 orc wizards
  A hound zombie (D:5)
  12 mummies (Ossuary)
  Robin (D:4)
  4 adders
  2 howler monkey skeletons (D:7)
  A white imp (D:7)
  3 ufetubi
  2 worms (D:2)
  4 dart slugs
  26 orcs
  4 bats
  5 endoplasms
  5 giant cockroaches
  19 goblins
  8 hobgoblins
  A jackal (D:5)
  2 quokkas (D:1)
  8 ball pythons
  2 frilled lizards
  3 gnoll skeletons (Ossuary)
  8 kobolds
  A kobold skeleton (Ossuary)
  3 orc skeletons (Ossuary)
  3 rats
  11 rat skeletons (Ossuary)
189 creatures vanquished.

Vanquished Creatures (collateral kills)
  A wraith (D:6)
1 creature vanquished.

Vanquished Creatures (others)
  A goblin skeleton (Ossuary)
  137 foxfires
138 creatures vanquished.

Grand Total: 328 creatures vanquished

Notes
Turn   | Place    | Note
-------+----------+-------------------------------------------
     0 | D:1      | Vomitron the Demonspawn Venom Mage began the quest for the
                  | Orb.
     0 | D:1      | Reached XP level 1. HP: 13/13 MP: 3/3
   172 | D:1      | Gained mutation: You have sharp toenails. [demonic
                  | ancestry]
   172 | D:1      | Reached XP level 2. HP: 16/20 MP: 1/5
   401 | D:1      | Found a faded altar of an unknown god.
  1042 | D:1      | Reached skill level 1 in Fighting
  1260 | D:2      | Reached skill level 1 in Necromancy
  1260 | D:2      | Reached XP level 3. HP: 24/26 MP: 3/6
  1951 | D:2      | Reached skill level 4 in Poison Magic
  1951 | D:2      | Reached XP level 4. HP: 22/32 MP: 3/7
  2863 | D:3      | Found a transporter.
  2865 | D:3      | Noticed Natasha
  2871 | D:3      | Learned a level 2 spell: Poisonous Vapours
  2876 | D:3      | Killed Natasha
  2883 | D:3      | Noticed Natasha
  2894 | D:3      | Killed Natasha
  2895 | D:3      | Gained mutation: You are partially covered in razor-sharp
                  | scales. (AC +1, Slay +1) [demonic ancestry]
  2895 | D:3      | Reached XP level 5. HP: 13/38 MP: 0/9
  3107 | D:3      | Noticed killer11drew's ghost (amateur KoHu)
  3118 | D:3      | Found a transporter.
  3189 | D:3      | Found a shimmering altar of Xom.
  3237 | D:3      | Noticed an orc warrior
  3245 | D:3      | Noticed Jessica
  3253 | D:3      | Killed Jessica
  3558 | D:3      | Noticed Natasha
  3561 | D:3      | Killed Natasha
  3562 | D:3      | Gained mutation: A meltable shield of frost defends you.
                  | (SH +4) [demonic ancestry]
  3562 | D:3      | Reached XP level 6. HP: 45/45 MP: 3/10
  3570 | D:3      | Reached skill level 5 in Poison Magic
  4083 | D:4      | Reached XP level 7. HP: 52/52 MP: 0/12
  4512 | D:4      | Noticed Robin
  4523 | D:4      | Killed Robin
  4778 | D:4      | Found Udafienk's Armour Shoppe.
  4974 | D:5      | Entered Level 5 of the Dungeon
  5095 | D:5      | Learned a level 4 spell: Olgreb's Toxic Radiance
  5097 | D:5      | Learned a level 1 spell: Foxfire
  5165 | D:5      | Reached skill level 6 in Poison Magic
  5187 | D:5      | Reached skill level 1 in Fire Magic
  5975 | D:5      | Gained mutation: You have razor-sharp toenails. [demonic
                  | ancestry]
  5975 | D:5      | Reached XP level 8. HP: 44/58 MP: 7/14
  6426 | D:5      | Reached skill level 7 in Poison Magic
  6935 | D:6      | Reached skill level 1 in Armour
  6963 | D:6      | Reached skill level 5 in Necromancy
  6966 | D:6      | Found a hazy altar of Hepliaklqana.
  7287 | D:6      | Found a staircase to the Ecumenical Temple.
  7301 | Temple   | Entered the Ecumenical Temple
  7363 | Temple   | Became a worshipper of Kikubaaqudgha
  7476 | D:6      | Found a sacrificial altar of Ru.
  7483 | D:6      | Found a shadowy altar of Dithmenos.
  7491 | D:6      | Found a stormy altar of Qazlal.
  7498 | D:6      | Found a burning altar of Makhleb.
  7506 | D:6      | Found a shimmering blue altar of Sif Muna.
  7514 | D:6      | Found a sparkling altar of Nemelex Xobeh.
  7519 | D:6      | Found a snail-covered altar of Cheibriados.
  7637 | D:7      | Identified the +1 ring mail "Voimmipt" {Regen+}
  7658 | D:7      | Reached skill level 5 in Spellcasting
  7687 | D:7      | Found a sand-covered staircase.
  7703 | Ossuary  | Entered an ossuary
  8010 | Ossuary  | Reached * piety under Kikubaaqudgha
  8010 | Ossuary  | Identified Kikubaaqudgha's Compendium of Darkness
                  | (Kikubaaqudgha gifted it to you in an ossuary)
  8010 | Ossuary  | Received a gift from Kikubaaqudgha
  8670 | D:7      | Reached XP level 9. HP: 58/65 MP: 13/16
  9182 | D:7      | Reached skill level 8 in Poison Magic
  9387 | D:7      | HP: 1/66 [wraith (13)]
  9821 | D:7      | Noticed Pikel
  9837 | D:7      | Killed Pikel
  9838 | D:7      | Reached skill level 5 in Fighting
 10385 | D:6      | Learned a level 2 spell: Sublimation of Blood
 10388 | D:6      | Learned a level 2 spell: Blink
 10546 | D:7      | Found Qaogorink's Distillery.
 10554 | D:7      | Bought a potion of curing for 45 gold pieces
 10554 | D:7      | Bought a potion of curing for 45 gold pieces
 10620 | D:8      | Reached skill level 1 in Transmutations
 10658 | D:8      | Noticed a white ugly thing
 10673 | D:8      | Slain by a white ugly thing

Illustrated notes

Levels and vault maps discovered:
D:1:      sevenhm_arrival_forest_fort_large_2, layout_basic,
          ebering_ecumenical_altar_abandoned, serial_glass, glass_columns_a,
          glass_columns_c, glass_columns_a, glass_columns_a, glass_columns_c,
          glass_columns_b, minmay_small_reverse_x
D:2:      layout_basic, serial_glass, glass_columns_b, glass_columns_c,
          item_on_display_a, minmay_strange_pillars, item_on_display_a,
          feat_on_display
D:3:      layout_rooms, old_standard_altar, gammafunk_ghost_arena, uniq_natasha,
          uniq_jessica
D:4:      layout_loops_ring, serial_shops, nicolae_shop_crystal, minmay_cupped,
          uniq_robin
D:5:      minmay_spotlight, layout_cave_pools, hangedman_decor_opposing,
          minmay_puff
D:6:      layout_rooms, old_standard_altar, tso_metal_star,
          grunt_temple_overflow_octagram, temple_green, corexii_leaking_fountain
D:7:      layout_gridville, enter_ossuary_3, serial_shops, shop, uniq_pikel
D:8:      cheibrodos_elevator_heist, layout_basic, lemuel_tele_altar,
          lair_entry_dummy
Temple:   pf_slimified_temple

Skill      XL: |  1  2  3  4  5  6  7  8  9 |
---------------+----------------------------+-----
Fighting       | 1 2 3 4 5 |  5.1
Necromancy     | 1 2 3 4 5 6 |  6.5
Poison Magic   | 4 5 6 7 8 |  8.3
Spellcasting   | 3 4 5 |  5.9
Fire Magic     | 1 2 |  2.1
Armour         | 2 3 |  3.5
Transmutations | 1 |  1.0
Dodging        | |  1.7
Stealth        | |  1.7

Action                   |  1- 3 |  4- 6 |  7- 9 || total
-------------------------+-------+-------+-------++-------
Melee: Whip              |    42 |    93 |   247 ||   382
       Kick              |     5 |     1 |       ||     6
 Cast: Sting             |    31 |    27 |    54 ||   112
       Poisonous Vapours |       |    18 |    52 ||    70
       Foxfire           |       |       |    79 ||    79
       Olgreb's Toxic Ra |       |       |    11 ||    11
Evoke: Wand              |       |       |     3 ||     3
  Use: Scroll            |       |     8 |    12 ||    20
 Stab: Sleeping          |     4 |     1 |     5 ||    10
Armor: Robe              |    11 |    14 |    71 ||    96
       Ring mail         |       |       |     9 ||     9
Dodge: Dodged            |    30 |    55 |   194 ||   279
Block: Other             |       |     6 |    32 ||    38

Table legend: (Time is in decaauts)
 A = Elapsed time spent in this place.
 B = Non-inter-level travel time spent in this place.
 C = Inter-level travel time spent in this place.
 D = Time resting spent in this place.
 E = Time spent auto-exploring this place.
 F = Levels seen in this place.
 G = Mean time per level.
                   A        B        C        D        E       F      G
               +--------+--------+--------+--------+--------+-----+--------+
         Total |  10765 |  10532 |    233 |   3085 |   5163 |  10 | 1076.5 |
       Dungeon |   9743 |   9510 |    233 |   2724 |   4831 |   8 | 1217.9 |
        Temple |     66 |     66 |      0 |      0 |      0 |   1 |   66.0 |
       Ossuary |    955 |    955 |      0 |    361 |    332 |   1 |  955.0 |
               +--------+--------+--------+--------+--------+-----+--------+

Top non-repeatable levels by time:
     D:2: 1824 daAuts
     D:7: 1619 daAuts
     D:5: 1520 daAuts
     D:6: 1325 daAuts
     D:1: 1249 daAuts
     D:4: 1243 daAuts
 Ossuary: 955 daAuts
     D:3: 897 daAuts
  Temple: 66 daAuts
     D:8: 64 daAuts
